 Seeded DCSS version 0.28-a0-1159-g27aa881441 (webtiles) character file.

Game seed: 3047507878316767220 (custom seed)

9853 croobank the Fighter (level 11, 0/133 HPs)
             Began as a Gnoll Abyssal Knight on Dec 16, 2021.
             Was a High Priest of Lugonu.
             Slain by a two-headed ogre (12 damage)
             ... on level 11 of the Dungeon.
             The game lasted 01:10:01 (11034 turns).

croobank the Fighter (Gnoll Abyssal Knight)        Turns: 11034, Time: 01:10:01

Health: 0/133      AC: 25    Str: 18    XL:     11   Next: 53%
Magic:  15/20      EV:  2    Int: 14    God:    Lugonu [*****.]
Gold:   753        SH:  0    Dex: 13    Spells: 13/22 levels left

rFire   . . .      SeeInvis +   F - +1 rapier (drain)
rCold   . . .      Faith    .   (no shield)
rNeg    . . .      Spirit   .   (armour currently unavailable)
rPois   +          Reflect  .   (helmet currently unavailable)
rElec   .          Harm     .   (cloak currently unavailable)
rCorr   .          Rampage  .   (gloves currently unavailable)
Will    .....      NoTele   +   (boots currently unavailable)
Stlth   +++.......              (no amulet)
HPRegen 0.32/turn               l - ring of the Bull {Str+6 SInv}
MPRegen 0.17/turn               V - ring of wizardry

@: tree-form, wereblooded
A: stationary, stasis, torment immunity, boosted hp, (fangs 1), strong nose,
distributed training
a: Renounce Religion, Depart the Abyss, Bend Space, Banish, Corrupt, Enter the
Abyss


You were on level 11 of the Dungeon.
You worshipped Lugonu.
Lugonu was extremely pleased with you.
You were a tree.
You visited 1 branch of the dungeon, and saw 11 of its levels.
You visited the Abyss 1 time.
You also visited: Ossuary.

You collected 810 gold pieces.
You spent 57 gold pieces at shops.

Inventory:

Hand Weapons
 a - a +6 vorpal hand axe
 b - a +0 hunting sling
 d - a +0 war axe
 s - a +2 whip of pain
 E - a +4 battleaxe of freezing
 F - a +1 rapier of draining (weapon)
 U - a +2 short sword of distortion
Missiles
 h - 2 boomerangs
 j - 272 stones
 n - 28 poisoned darts
 o - 106 sling bullets
 B - 7 javelins
 S - 6 curare-tipped darts (quivered)
Armour
 c - a +0 helmet (melded)
 f - +1 steam dragon scales
 m - the +0 helmet "Ufupn" {rPois rC- rCorr Str-2}
   (You took it off Robin on level 2 of the Dungeon)

   Str:       It affects your strength (-2).
   rC:        It makes you vulnerable to cold.
   rPois:     It protects you from poison.
   rCorr:     It protects you from acid and corrosion.
 y - a +0 pair of boots (melded)
 D - the +6 scale mail of Death's Door (melded) {rC+ rCorr Str+4}
   (You found it on level 5 of the Dungeon)

   Str:       It affects your strength (+4).
   rC:        It protects you from cold.
   rCorr:     It protects you from acid and corrosion.
 H - the +1 ring mail "Zaqoseb" {MP+9 Str+3 SInv}
   (You took it off an orc on level 11 of the Dungeon)

   Str:       It affects your strength (+3).
   MP:        It affects your magic capacity (+9).
   SInv:      It lets you see invisible.
 W - a +1 cloak of willpower (melded)
Jewellery
 k - a ring of protection from cold
 l - the ring of the Bull (left branch) {Str+6 SInv}
   (You acquired it on level 4 of the Dungeon)

   [ring of see invisible]

   Str:       It affects your strength (+6).
   SInv:      It lets you see invisible.
 z - an amulet of faith
 R - a ring of poison resistance
 V - a ring of wizardry (right branch)
Wands
 e - a wand of acid (6)
 p - a wand of iceblast (11)
 G - a wand of charming (13)
 I - a wand of paralysis (12)
 T - a wand of flame (16)
Scrolls
 q - 2 scrolls of immolation
 r - 7 scrolls of identify {identify}
 t - a scroll of magic mapping {magic mapping, unknown}
 v - a scroll of holy word {holy word, unknown}
 w - 7 scrolls of teleportation {teleport, unknown}
 P - a scroll of silence {silence, unknown}
 Q - a scroll of amnesia {unknown}
Potions
 g - 2 potions of curing {curing}
 i - 2 potions of ambrosia {ambrosia, unknown}
 u - 2 potions of brilliance {brilliance, unknown}
 x - 2 potions of might {unknown}
 A - 3 potions of cancellation {cancellation, unknown}
 C - 5 potions of attraction {attraction, unknown}
 J - 3 potions of flight {flight, unknown}
 K - a potion of invisibility {invisibility, unknown}
 M - a potion of berserk rage


   Skills:
 + Level 9.2 Fighting
 + Level 6.3 Short Blades
 + Level 6.3 Long Blades
 + Level 7.9 Axes
 + Level 6.3 Maces & Flails
 + Level 6.3 Polearms
 + Level 6.3 Staves
 + Level 6.3 Slings
 + Level 6.3 Bows
 + Level 6.3 Crossbows
 + Level 6.3 Throwing
 + Level 7.9 Armour
 + Level 6.9 Dodging
 + Level 6.3 Stealth
 + Level 6.3 Shields
 + Level 6.3 Unarmed Combat
 + Level 6.3 Spellcasting
 + Level 5.3 Conjurations
 + Level 5.3 Hexes
 + Level 5.3 Summonings
 + Level 5.3 Necromancy
 + Level 5.3 Translocations
 + Level 5.3 Transmutations
 + Level 5.3 Fire Magic
 + Level 5.3 Ice Magic
 + Level 5.3 Air Magic
 + Level 5.3 Earth Magic
 + Level 5.3 Poison Magic
 + Level 8.4 Invocations
 + Level 6.3 Evocations


You had 13 spell levels left.
You knew the following spells:

 Your Spells              Type           Power      Damage    Failure   Level
a - Beastly Appendage     Tmut           38%        N/A       1%          1
b - Wereblood             Tmut           19%        N/A       1%          2
c - Statue Form           Tmut/Erth      12%        N/A       69%         6

Your spell library contained the following spells:

 Spells                   Type           Power      Damage    Failure   Level
 Animate Skeleton         Necr           38%        N/A       1%          1
 Pain                     Necr           76%        1d7       1%          1
 Shock                    Conj/Air       76%        1d7       1%          1
 Conjure Flame            Conj/Fire      19%        6-21      2%          3
 Gell's Gravitas          Tloc           19%        N/A       2%          3
 Ignite Poison            Fire/Tmut/Pois 19%        N/A       2%          3
 Lesser Beckoning         Tloc           19%        N/A       2%          3
 Spider Form              Tmut/Pois      19%        N/A       2%          3
 Swiftness                Air            19%        N/A       2%          3
 Teleport Other           Tloc           19%        N/A       2%          3
 Vampiric Draining        Necr           19%        2d7       2%          3
 Airstrike                Air            9%         N/A       7%          4
 Leda's Liquefaction      Hex/Erth       9%         N/A       7%          4
 Petrify                  Tmut/Erth      19%        N/A       7%          4
 Sticky Flame             Conj/Fire      19%        2d4       7%          4
 Lee's Rapid Deconstruct  Erth           9%         3d8*      19%         5
 Metabolic Englaciation   Hex/Ice        9%         N/A       19%         5


Dungeon Overview and Level Annotations

Branches:
Dungeon (11/15)            Temple (0/1) D:7         Ossuary (visited)
   Lair: D:8-11         Orc: D:9-12

Altars:
Ashenzari
Gozag
Okawaru
Uskayaw

Shops:
D:1 :   D:2 =   D:4 :   D:6 (   D:8 *   D:9 *

Annotations:
D:8 2 transporters, BeingJoeMalik's ghost, novice VSFi; Grum


Innate Abilities, Weirdness & Mutations

You are a tree.
Your roots penetrate the ground, keeping you stationary.
You cannot be teleported.
You are immune to unholy pain and torment.
Your maximum health is greatly increased.
Your equipment is partially melded.
((You have very sharp teeth.))
Your uncanny sense of smell can sniff out nearby items.
Your experience applies equally to all skills.


Message History

The six-headed hydra is severely wounded.
The six-headed hydra bites you but does no damage. x6
You puncture the six-headed hydra! You drain the six-headed hydra.
The six-headed hydra is almost dead.
The six-headed hydra bites you but does no damage. x3
The six-headed hydra completely misses you.
The six-headed hydra bites you but does no damage. x2
You hit the six-headed hydra.
You kill the six-headed hydra!
Lugonu accepts your kill.
Press: ? - help, Shift-Dir - straight line, f - two-headed ogre
Aim: a two-headed ogre, wielding two +0 giant clubs (chance to affect: 73%)
The two-headed ogre struggles to resist.
The two-headed ogre hits you with a +0 giant club!
* * * LOW HITPOINT WARNING * * *
The two-headed ogre hits you but does no damage.
You puncture the two-headed ogre!
The two-headed ogre is lightly wounded.
You puncture the two-headed ogre!
The two-headed ogre is moderately wounded.
The two-headed ogre hits you with a +0 giant club.
* * * LOW HITPOINT WARNING * * *
The two-headed ogre hits you but does no damage.
It was a potion of curing {curing}.
You feel better.
The two-headed ogre hits you with a +0 giant club!
* * * LOW HITPOINT WARNING * * *
The two-headed ogre hits you with a +0 giant club!
* * * LOW HITPOINT WARNING * * *
You puncture the two-headed ogre! You drain the two-headed ogre.
The two-headed ogre is heavily wounded.
You hit the two-headed ogre. You drain the two-headed ogre.
The two-headed ogre is severely wounded.
The two-headed ogre hits you with a +0 giant club!
* * * LOW HITPOINT WARNING * * *
The two-headed ogre hits you but does no damage.
Casting: Beastly Appendage (safe; 1% risk of failure)
Confirm with . or Enter, or press ? or * to list all spells.
Your blood is infused with primal strength.
The two-headed ogre hits you with a +0 giant club!
You die...

. ..# .... .....
###### .....o#....#
.....oO♣...#
..######...#
#########...#
#######...........#
#.................#
#..<....).).......#
##.####..####.##..#
###.####..##########
#....#....'.....#


You could see a two-headed ogre (drained), an orc warrior and an orc.

Vanquished Creatures
  A hydra (D:11)
  Sonja (D:10)
  An ugly thing (D:10)
  Maurice (D:10)
  The ghost of lonewolfV2 the Covered, a novice DDFi (D:5)
  Psyche (D:10)
  The ghost of DunceCap the Cudgeller, an amateur DsFi (D:5)
  2 trolls
  The ghost of RancidPinata the Sneak, an amateur GrDe (D:5)
  3 wyverns
  A wraith (D:9)
  10 yaks
  A vampire (D:10)
  A steam dragon (D:7)
  A warg (D:10)
  3 water moccasins
  2 orc warriors
  2 black bears
  An ice beast (D:6)
  2 hornet zombies
  4 ogres
  The ghost of mainiacjoe the Sneak, an amateur OpDe (D:5)
  2 kobold brigands
  2 bullfrogs
  A gnoll sergeant (D:8)
  8 scorpions
  A water moccasin zombie (D:5)
  A water moccasin skeleton (D:4)
  3 killer bees (D:8)
  5 wights (D:7)
  The ghost of RancidPinata the Sneak, a weakling GrDe (D:5)
  3 howler monkeys
  A bullfrog zombie (D:6)
  2 jellies
  9 orc priests
  A centaur skeleton (D:7)
  4 hounds
  A bullfrog skeleton (D:6)
  5 iguanas
  12 orc wizards
  A killer bee zombie (D:7)
  A hound zombie (D:5)
  3 hound skeletons
  8 mummies (Ossuary)
  A howler monkey zombie (D:9)
  Robin (D:2)
  8 gnolls
  7 adders
  A white imp (D:3)
  An ufetubus (D:5)
  2 adder skeletons (D:4)
  3 dart slugs
  36 orcs
  9 bats
  7 endoplasms
  3 giant cockroaches
  A gnoll zombie (Ossuary)
  15 goblins
  15 hobgoblins
  3 jackals
  13 kobolds
  7 quokkas
  8 ball pythons
  5 frilled lizards
  3 hobgoblin zombies (Ossuary)
  A kobold zombie (Ossuary)
  3 orc zombies (Ossuary)
  5 rats
275 creatures vanquished.

Vanquished Creatures (others)
  6 plants (D:8)
6 creatures vanquished.

Grand Total: 281 creatures vanquished

Notes
Turn   | Place    | Note
-------+----------+-------------------------------------------
     0 | Abyss:1  | croobank the Gnoll Abyssal Knight began the quest for the
                  | Orb.
     0 | Abyss:1  | Reached XP level 1. HP: 23/23 MP: 3/3
    69 | Abyss:1  | Noticed a titan simulacrum
    83 | Abyss:1  | Noticed a lich
    86 | Abyss:1  | Noticed an efreet
    88 | D:1      | Escaped the Abyss
   176 | D:1      | Reached * piety under Lugonu
   182 | D:1      | Reached XP level 2. HP: 26/29 MP: 5/5
   572 | D:1      | Found Qehuiv's Book Shoppe.
   644 | D:1      | Reached XP level 3. HP: 35/35 MP: 6/6
   867 | D:1      | Learned a level 1 spell: Beastly Appendage
   870 | D:1      | Learned a level 2 spell: Wereblood
   927 | D:2      | Identified the +0 helmet "Ufupn" {rPois rC- rCorr Str-2}
   927 | D:2      | Noticed Robin
   950 | D:2      | Killed Robin
   951 | D:2      | Reached skill level 1 in Short Blades
   951 | D:2      | Reached skill level 1 in Long Blades
   951 | D:2      | Reached skill level 1 in Maces & Flails
   951 | D:2      | Reached skill level 1 in Polearms
   951 | D:2      | Reached skill level 1 in Staves
   951 | D:2      | Reached skill level 1 in Slings
   951 | D:2      | Reached skill level 1 in Bows
   951 | D:2      | Reached skill level 1 in Crossbows
   951 | D:2      | Reached skill level 1 in Throwing
   951 | D:2      | Reached skill level 1 in Stealth
   951 | D:2      | Reached skill level 1 in Shields
   951 | D:2      | Reached skill level 1 in Unarmed Combat
   951 | D:2      | Reached skill level 1 in Spellcasting
   951 | D:2      | Reached skill level 1 in Evocations
   983 | D:2      | Reached ** piety under Lugonu
  1056 | D:2      | Reached XP level 4. HP: 41/41 MP: 7/7
  1087 | D:2      | Found Ringib's Jewellery Shop.
  1290 | D:2      | Found a faded altar of an unknown god.
  1624 | D:2      | Reached skill level 1 in Conjurations
  1624 | D:2      | Reached skill level 1 in Hexes
  1624 | D:2      | Reached skill level 1 in Summonings
  1624 | D:2      | Reached skill level 1 in Necromancy
  1624 | D:2      | Reached skill level 1 in Translocations
  1624 | D:2      | Reached skill level 1 in Transmutations
  1624 | D:2      | Reached skill level 1 in Fire Magic
  1624 | D:2      | Reached skill level 1 in Ice Magic
  1624 | D:2      | Reached skill level 1 in Air Magic
  1624 | D:2      | Reached skill level 1 in Earth Magic
  1624 | D:2      | Reached skill level 1 in Poison Magic
  1634 | D:3      | Reached XP level 5. HP: 34/47 MP: 3/8
  2000 | D:3      | Reached *** piety under Lugonu
  2204 | D:3      | Reached skill level 5 in Invocations
  2327 | D:3      | Reached XP level 6. HP: 41/53 MP: 6/9
  2797 | D:3      | Reached skill level 5 in Axes
  2797 | D:3      | Reached skill level 5 in Armour
  3094 | D:4      | Identified a scroll of acquirement {acquisition}
  3094 | D:4      | Acquired the ring of the Bull {Str+6 SInv}
  3105 | D:4      | Reached XP level 7. HP: 49/59 MP: 4/10
  3110 | D:4      | Reached skill level 7 in Fighting
  3124 | D:4      | HP: 3/60 [poisoned by a scorpion]
  3710 | D:4      | Found Yrowotah's Book Shop.
  3868 | D:4      | Reached XP level 8. HP: 57/67 MP: 8/12
  3988 | D:5      | Entered Level 5 of the Dungeon
  3995 | D:5      | Reached **** piety under Lugonu
  4201 | D:5      | Noticed a yak
  4201 | D:5      | Noticed a yak
  4202 | D:5      | Noticed a yak
  4214 | D:5      | Killed a yak
  4230 | D:5      | Killed a yak
  4237 | D:5      | Found a runed translucent gate.
  4238 | D:5      | Found a runed translucent gate.
  4239 | D:5      | Found a runed translucent gate.
  4241 | D:5      | Noticed RancidPinata's ghost (amateur GrDe)
  4241 | D:5      | Noticed DunceCap's ghost (amateur DsFi)
  4241 | D:5      | Noticed lonewolfV2's ghost (novice DDFi)
  4241 | D:5      | Noticed RancidPinata's ghost (weakling GrDe)
  4242 | D:5      | Noticed mainiacjoe's ghost (amateur OpDe)
  4558 | D:5      | Killed a yak
  4782 | D:5      | Reached XP level 9. HP: 64/72 MP: 11/14
  4825 | D:5      | Found an iron altar of Okawaru.
  5207 | D:5      | Killed lonewolfV2's ghost
  5210 | D:5      | Killed RancidPinata's ghost
  5211 | D:5      | Reached skill level 5 in Dodging
  5211 | D:5      | Killed RancidPinata's ghost
  5214 | D:5      | Killed mainiacjoe's ghost
  5217 | D:5      | Killed DunceCap's ghost
  5218 | D:5      | Reached skill level 8 in Fighting
  5239 | D:5      | Identified the +6 scale mail of Death's Door {rC+ rCorr
                  | Str+4}
  5417 | D:6      | Found Poamiwk's Weapon Shoppe.
  5640 | D:6      | Found an opulent altar of Gozag.
  5640 | D:6      | Found a broken altar of Ashenzari.
  5928 | D:7      | Reached XP level 10. HP: 74/80 MP: 13/17
  6100 | D:7      | Reached skill level 5 in Short Blades
  6100 | D:7      | Reached skill level 5 in Long Blades
  6100 | D:7      | Reached skill level 5 in Maces & Flails
  6100 | D:7      | Reached skill level 5 in Polearms
  6100 | D:7      | Reached skill level 5 in Staves
  6100 | D:7      | Reached skill level 5 in Slings
  6100 | D:7      | Reached skill level 5 in Bows
  6100 | D:7      | Reached skill level 5 in Crossbows
  6100 | D:7      | Reached skill level 5 in Throwing
  6100 | D:7      | Reached skill level 5 in Stealth
  6100 | D:7      | Reached skill level 5 in Shields
  6100 | D:7      | Reached skill level 5 in Unarmed Combat
  6100 | D:7      | Reached skill level 5 in Spellcasting
  6100 | D:7      | Reached skill level 5 in Evocations
  6102 | D:7      | Found a staircase to the Ecumenical Temple.
  6547 | D:8      | Found a transporter.
  6577 | D:8      | Found a sand-covered staircase.
  6581 | Ossuary  | Entered an ossuary
  6592 | Ossuary  | Reached ***** piety under Lugonu
  7214 | D:8      | Noticed an angel
  7219 | D:8      | Found Iqonac's Hallowed Reliquary.
  7494 | D:8      | Learned a level 6 spell: Statue Form
  7624 | D:8      | Identified the +6 scale mail "Xita" {Slay+2 SInv}
  7654 | D:8      | Identified the amulet of Deplitas {Acrobat Contam Rampage
                  | rCorr}
  7678 | D:8      | Noticed BeingJoeMalik's ghost (novice VSFi)
  7701 | D:8      | Noticed Grum
  7716 | D:8      | Found a transporter.
  8354 | D:9      | Found Bewenaest's Serpentskin Sales.
  8372 | D:9      | Bought 6 curare-tipped darts for 57 gold pieces
  8934 | D:10     | Entered Level 10 of the Dungeon
  8934 | D:10     | Noticed Psyche
  8946 | D:10     | Killed Psyche
  9027 | D:10     | Noticed Sonja
  9035 | D:10     | Killed Sonja
  9036 | D:10     | Reached XP level 11. HP: 87/87 MP: 19/19
  9351 | D:10     | Noticed Maurice
  9365 | D:10     | Killed Maurice
  9366 | D:10     | Reached skill level 9 in Fighting
  9366 | D:10     | Reached skill level 5 in Conjurations
  9366 | D:10     | Reached skill level 5 in Hexes
  9366 | D:10     | Reached skill level 5 in Summonings
  9366 | D:10     | Reached skill level 5 in Necromancy
  9366 | D:10     | Reached skill level 5 in Translocations
  9366 | D:10     | Reached skill level 5 in Transmutations
  9366 | D:10     | Reached skill level 5 in Fire Magic
  9366 | D:10     | Reached skill level 5 in Ice Magic
  9366 | D:10     | Reached skill level 5 in Air Magic
  9366 | D:10     | Reached skill level 5 in Earth Magic
  9366 | D:10     | Reached skill level 5 in Poison Magic
  9449 | D:10     | Noticed a brown ugly thing
  9466 | D:10     | Killed a brown ugly thing
  9738 | D:10     | Found a hide-covered altar of Uskayaw.
 10993 | D:11     | Identified the +1 ring mail "Zaqoseb" {MP+9 Str+3 SInv}
 11011 | D:11     | Noticed a six-headed hydra
 11011 | D:11     | Noticed a two-headed ogre
 11027 | D:11     | Killed a six-headed hydra
 11034 | D:11     | Slain by a two-headed ogre

Illustrated notes

Levels and vault maps discovered:
D:1:      dpeg_arrival_rooms_with_view, layout_basic, serial_shops, shop
D:2:      layout_basic, serial_shops, shop, hellmonk_ecumenical_altar_blasted,
          amcnicky_mini_rare_corridor_liquid, solitary_fountain,
          minmay_misc_feat_four_crosses, uniq_robin
D:3:      minmay_razor_zed, layout_loops_cross
D:4:      layout_rooms, serial_shops, kennysheep_little_box
D:5:      layout_gridville, kennysheep_okawaru_gauntlet,
          gammafunk_ghost_cemetery
D:6:      layout_rooms, gammafunk_temple_overflow_wave, serial_shops, shop
D:7:      layout_basic, minmay_temple_entry_mini_moons
D:8:      layout_basic, nicolae_ossuary_entry_plus,
          gammafunk_ghost_gnarly_gnolls, nicolae_good_shop
D:9:      layout_loops_ring, serial_co_window_serial, co_window_corner_a,
          co_window_paths_b, co_window_paths_a, co_window_corner_a,
          co_window_paths_a, co_window_broadway_b, co_window_broadway_c,
          co_window_broadway_b, co_window_of_opportunity_b,
          co_window_unsneaky_path_d, co_window_paths_d, co_window_4corner_b,
          glass_columns_b, glass_columns_a, glass_columns_b, guppyfry_shop_venom
D:10:     layout_roguey, eat_drink_and_be_merry_uskayaw, uniq_sonja,
          uniq_maurice, uniq_psyche
D:11:     layout_gridville, erik_lair_orcish_takeover, gauntlet_entry_generic,
          minmay_joined_circles

Skill      XL: |  1  2  3  4  5  6  7  8  9 10 11 |
---------------+----------------------------------+-----
Short Blades   | 1 2 3 4 5 6 |  6.3
Long Blades    | 1 2 3 4 5 6 |  6.3
Maces & Flails | 1 2 3 4 5 6 |  6.3
Polearms       | 1 2 3 4 5 6 |  6.3
Staves         | 1 2 3 4 5 6 |  6.3
Slings         | 1 2 3 4 5 6 |  6.3
Bows           | 1 2 3 4 5 6 |  6.3
Crossbows      | 1 2 3 4 5 6 |  6.3
Throwing       | 1 2 3 4 5 6 |  6.3
Stealth        | 1 2 3 4 5 6 |  6.3
Shields        | 1 2 3 4 5 6 |  6.3
Unarmed Combat | 1 2 3 4 5 6 |  6.3
Spellcasting   | 1 2 3 4 5 6 |  6.3
Evocations     | 1 2 3 4 5 6 |  6.3
Conjurations   | 1 2 3 4 5 |  5.3
Hexes          | 1 2 3 4 5 |  5.3
Summonings     | 1 2 3 4 5 |  5.3
Necromancy     | 1 2 3 4 5 |  5.3
Translocations | 1 2 3 4 5 |  5.3
Transmutations | 1 2 3 4 5 |  5.3
Fire Magic     | 1 2 3 4 5 |  5.3
Ice Magic      | 1 2 3 4 5 |  5.3
Air Magic      | 1 2 3 4 5 |  5.3
Earth Magic    | 1 2 3 4 5 |  5.3
Poison Magic   | 1 2 3 4 5 |  5.3
Dodging        | 3 4 5 6 |  6.9
Invocations    | 5 6 7 8 |  8.4
Axes           | 5 6 7 |  7.9
Armour         | 5 6 7 |  7.9
Fighting       | 7 8 9 |  9.2

Action                   |  1- 3 |  4- 6 |  7- 9 | 10-12 || total
-------------------------+-------+-------+-------+-------++-------
Melee: Hand axe          |    76 |   145 |   221 |   316 ||   758
       Bite              |     4 |     8 |    23 |    52 ||    87
       Kick              |       |    17 |    60 |     9 ||    86
       Headbutt          |       |    10 |    39 |     8 ||    57
       Punch             |       |       |     3 |    11 ||    14
       Rapier            |       |       |       |    16 ||    16
 Fire: Hunting sling     |     1 |       |       |       ||     1
Throw: Boomerang         |    24 |       |     3 |    43 ||    70
       Dart              |       |       |       |     7 ||     7
 Cast: Beastly Appendage |       |    15 |    32 |     7 ||    54
       Wereblood         |       |     6 |    10 |     6 ||    22
Invok: Depart the Abyss  |     1 |       |       |       ||     1
       Bend Space        |       |       |     1 |       ||     1
       Banish            |       |       |       |     1 ||     1
Evoke: Wand              |       |       |       |     2 ||     2
  Use: Scroll            |     1 |     1 |    11 |     2 ||    15
       Potion            |       |       |     2 |     6 ||     8
 Stab: Sleeping          |       |       |     2 |       ||     2
       Paralysed         |       |       |       |     3 ||     3
Armor: Leather armour    |    16 |       |       |       ||    16
       Steam dragon scal |    13 |    52 |    47 |       ||   112
       Scale mail        |       |       |    22 |   166 ||   188
       Skin              |       |       |       |    34 ||    34
Dodge: Dodged            |    60 |    88 |   109 |   184 ||   441

Table legend: (Time is in decaauts)
 A = Elapsed time spent in this place.
 B = Non-inter-level travel time spent in this place.
 C = Inter-level travel time spent in this place.
 D = Time resting spent in this place.
 E = Time spent auto-exploring this place.
 F = Levels seen in this place.
 G = Mean time per level.
                   A        B        C        D        E       F      G
               +--------+--------+--------+--------+--------+-----+--------+
         Total |  10998 |  10664 |    334 |   2341 |   5351 |  13 |  846.0 |
       Dungeon |  10673 |  10339 |    334 |   2341 |   5198 |  11 |  970.3 |
         Abyss |     88 |     88 |      0 |      0 |     20 |   1 |   88.0 |
       Ossuary |    237 |    237 |      0 |      0 |    133 |   1 |  237.0 |
               +--------+--------+--------+--------+--------+-----+--------+

Top non-repeatable levels by time:
     D:9: 1648 daAuts
    D:10: 1521 daAuts
     D:3: 1435 daAuts
     D:4: 1194 daAuts
     D:5: 1107 daAuts
     D:8: 859 daAuts
     D:1: 807 daAuts
     D:2: 743 daAuts
     D:7: 625 daAuts
     D:6: 561 daAuts
 Ossuary: 237 daAuts
    D:11: 170 daAuts
 Abyss:1: 88 daAuts
